 Dungeon Crawl Stone Soup version 0.21-a0-476-gd103f4b (webtiles) character file.

7151 KristoblXynda the Carver (level 10, -8/73 HPs)
             Began as a White Draconian Gladiator on Nov 22, 2017.
             Was a High Priest of Okawaru.
             Killed from afar by an ice statue (25 damage)
             ... with a shard of ice
             ... on level 8 of the Dungeon.
             The game lasted 00:18:26 (9407 turns).

KristoblXynda the Carver (DrGl)                     Turns: 9407, Time: 00:18:27

Health: -8/73      AC: 10    Str: 17    XL:     10   Next: 86%
Magic:  13/13      EV: 20    Int: 10    God:    Okawaru [*****.]
Gold:   126        SH:  5    Dex: 14    Spells: 9/9 levels left

rFire    + . .     SeeInvis .   C - +0 long sword of Popular Demand {drain, rPois rF+ rC+ Stlth+}
rCold    + + .     Gourm    .   o - +0 buckler
rNeg     . . .     Faith    .   (armour unavailable)
rPois    +         Spirit   .   b - +1 hat
rElec    .         Reflect  .   (no cloak)
rCorr    .         Harm     .   z - +1 pair of gloves
MR       .....                  (no boots)
Stlth    +++.......             (no amulet)
HPRegen  0.22/turn              r - +1 ring of evasion
MPRegen  0.13/turn              (no ring)

@: no status effects
A: breathe frost, unfitting armour, blurry vision 1, cold resistance 1, wild
magic 1, cold-blooded, MP-powered wands, AC +7
a: Breathe Frost, Heroism, Finesse, Renounce Religion


You were on level 8 of the Dungeon.
You worshipped Okawaru.
Okawaru was extremely pleased with you.
You were not hungry.

You visited 1 branch of the dungeon, and saw 8 of its levels.
You also visited: Sewer and Ossuary.

You collected 364 gold pieces.
You spent 238 gold pieces at shops.

Inventory:

Hand Weapons
 a - a +1 long sword
 C - the +0 long sword of Popular Demand (weapon) {drain, rPois rF+ rC+ Stlth+}
   (You bought it in a shop on level 5 of the Dungeon)

   A truly terrible weapon, it drains the life of those it strikes.
   It protects you from fire.
   It protects you from cold.
   It protects you from poison.
   It makes you more stealthy.
Missiles
 c - 2 throwing nets (quivered)
Armour
 b - a +1 hat (worn)
 o - a +0 buckler (worn)
 z - a +1 pair of gloves (worn)
Jewellery
 r - a +1 ring of evasion (left hand)
Wands
 B - a wand of acid (9)
 D - a wand of digging (11)
Scrolls
 h - 7 scrolls of fog
 j - 5 scrolls of teleportation
 k - 3 scrolls of remove curse
 p - 2 scrolls of enchant weapon
 u - 5 scrolls of blinking
 y - a scroll of identify
 A - 3 scrolls of fear
Potions
 e - 6 potions of heal wounds
 f - 5 potions of might
 g - a potion of lignification
 i - 2 potions of curing
 l - 3 potions of brilliance
 m - 3 potions of flight
 n - 2 potions of haste
 s - a potion of ambrosia
 t - a potion of berserk rage
 w - a potion of invisibility
Comestibles
 d - 3 bread rations
 q - 4 fruits
 v - 2 royal jellies
 x - 3 meat rations
 E - 4 chunks of flesh


   Skills:
 - Level 2.1 Fighting
 + Level 11.6 Long Blades
 - Level 2.1 Throwing
 + Level 10.8 Dodging
 + Level 0.9 Stealth
 - Level 4.5 Shields
 - Level 5.2 Invocations


You had 9 spell levels left.
You didn't know any spells.

Dungeon Overview and Level Annotations

Branches:
Dungeon (8/15)             Temple (0/1) D:6
   Lair: D:8-11

Altars:
Elyvilon
Gozag
Hepliaklqana
Nemelex Xobeh
Okawaru
Sif Muna
Trog
Uskayaw
Zin

Shops:
D:5 (

Annotations:
D:8 exclusion: ice statue


Innate Abilities, Weirdness & Mutations

You can breathe waves of freezing cold.
You can buffet flying creatures when you breathe cold.
Your icy white scales are hard. (AC +7)
You cannot fit into any form of body armour.
Your flesh is cold resistant. (rC+)
You are cold-blooded and may be slowed by cold attacks.
Scrolls take you a little longer to read.
Your spells are a little harder to cast, but a little more powerful.
You expend magic power (3 MP) to strengthen your wands.


Message History

You barely miss the ice statue.
The ice statue is severely damaged.
You are engulfed in freezing vapours.
You resist. The ice beast completely misses you.
The ice beast closely misses you.
You hit the ice statue but do no damage.
The ice statue is severely damaged.
You are engulfed in freezing vapours.
You resist. The ice beast hits you.
* * * LOW HITPOINT WARNING * * *
The ice beast freezes you. You resist.
* * * LOW HITPOINT WARNING * * *
The ice beast barely misses you.
You riposte.
You hit the ice beast but do no damage. You drain the ice beast!
You tail-slap the ice beast.
The ice beast is lightly wounded.
Some of the chunks of flesh in your inventory have rotted away.
You hit the ice statue.
Your tail-slap misses the ice statue.
The ice statue is severely damaged.
The ice statue gestures at you. The shard of ice hits you!
You partially resist.
You die...

##....##......##....##
##....##..##.#[.##....##
#....##..##..##..##....#
#....#..##≈..≈##..#..).#
#....#8.#..##..#.8#....#
#....#..#≈.⌠>..#..#....#
#.....).#..[...#Y.#....#
#....#8.#..##..#Y8#....#
#....#..##...≈##@Y#(...#
#....##..##..##§§##....#
##....##..####§§##....##
.##....##......#.....##
..###...###..###...###
....###...####...###
......###..).).###
......##.#######
.####.#..#


You could see an ice statue and 3 ice beasts.

Vanquished Creatures
  A two-headed ogre (D:8)
  The ghost of Gildeon the Conjurer, a novice DEFE of Vehumet (Ossuary)
  A polar bear (shapeshifter) (D:8)
  2 hungry ghosts (D:7)
  Edmund (D:4)
  An orc warrior (D:8)
  A black bear (D:6)
  3 ogres
  2 phantoms
  8 bullfrogs
  2 big kobolds (D:8)
  A water moccasin zombie (D:7)
  4 killer bees (D:7)
  A scorpion (D:7)
  3 wights (D:7)
  2 howler monkeys
  2 crimson imps
  4 orc priests
  6 orc wizards
  5 hounds
  A jelly (D:5)
  Natasha (thrice) (D:2)
  5 iguanas
  4 worker ants
  A hound skeleton (D:2)
  11 mummies (Ossuary)
  A worker ant zombie (D:7)
  8 gnolls
  2 howler monkey skeletons
  11 adders
  6 river rats (Sewer)
  A shadow imp (D:6)
  6 oozes
  An adder skeleton (D:6)
  2 worms (D:1)
  2 leopard geckos
  18 orcs
  18 giant cockroaches
  11 goblins
  8 hobgoblins
  17 jackals
  2 quokkas
  15 ball pythons
  4 bats
  9 frilled lizards
  2 giant cockroach zombies (D:5)
  A gnoll skeleton (Ossuary)
  2 goblin skeletons (Ossuary)
  2 jackal skeletons
  5 kobolds
  A kobold skeleton (Ossuary)
  3 orc skeletons (Ossuary)
  2 quokka zombies
  31 rats
  11 rat skeletons (Ossuary)
278 creatures vanquished.

Vanquished Creatures (others)
  An orc skeleton (Ossuary)
1 creature vanquished.

Grand Total: 279 creatures vanquished

Notes
Turn   | Place    | Note
-------+----------+-------------------------------------------
     0 | D:1      | KristoblXynda the Draconian Gladiator began the quest for the Orb.
     0 | D:1      | Reached XP level 1. HP: 17/17 MP: 1/1
     1 | D:1      | Found a runed door.
   172 | D:1      | Reached XP level 2. HP: 22/24 MP: 2/2
   423 | D:1      | Reached XP level 3. HP: 18/29 MP: 3/3
  1003 | D:2      | Found a white marble altar of Elyvilon.
  1030 | D:2      | Reached XP level 4. HP: 22/36 MP: 4/4
  1095 | D:2      | Found an opulent altar of Gozag.
  1095 | D:2      | Found a bloodstained altar of Trog.
  1106 | D:2      | Reached skill level 4 in Long Blades
  1279 | D:2      | Found a bloodstained altar of Trog.
  1322 | D:2      | Noticed Natasha
  1329 | D:2      | Killed Natasha
  1376 | D:2      | Noticed Natasha
  1386 | D:2      | Killed Natasha
  1386 | D:2      | Reached XP level 5. HP: 19/41 MP: 5/5
  1393 | D:2      | Noticed Natasha
  1408 | D:2      | Killed Natasha
  2402 | D:3      | Found a sparkling altar of Nemelex Xobeh.
  2736 | D:3      | Reached skill level 5 in Long Blades
  2737 | D:3      | Found an iron altar of Okawaru.
  2753 | D:3      | Reached XP level 6. HP: 8/48 MP: 6/6
  2771 | D:3      | Became a worshipper of Warmaster Okawaru
  2999 | D:3      | Reached skill level 5 in Dodging
  3297 | D:4      | Noticed Edmund
  3304 | D:4      | Reached skill level 1 in Shields
  3336 | D:4      | Killed Edmund
  3336 | D:4      | Reached * piety under Okawaru
  3336 | D:4      | Your scales start taking on an icy white colour.
  3336 | D:4      | Reached XP level 7. HP: 12/55 MP: 7/7
  3336 | D:4      | Gained mutation: Your flesh is cold resistant. (rC+) [White Draconian growth]
  3421 | D:4      | Found a glowing drain.
  3429 | Sewer    | Entered a sewer
  4162 | Sewer    | Reached skill level 6 in Long Blades
  4929 | D:5      | Entered Level 5 of the Dungeon
  4939 | D:5      | Reached XP level 8. HP: 50/61 MP: 8/8
  4960 | D:5      | Reached ** piety under Okawaru
  4988 | D:5      | Found a sand-covered staircase.
  4993 | Ossuary  | Entered an ossuary
  5229 | Ossuary  | Noticed Gildeon's ghost (novice DEFE)
  5250 | Ossuary  | Killed Gildeon's ghost
  5250 | Ossuary  | Reached skill level 7 in Long Blades
  5692 | D:5      | Reached skill level 1 in Invocations
  5697 | D:5      | Found Pirelia's Antique Weapon Emporium.
  5845 | D:5      | Found a glowing silver altar of Zin.
  5845 | D:5      | Noticed an angel
  5875 | D:5      | Found a deep blue altar of Sif Muna.
  6158 | D:5      | Found a hide-covered altar of Uskayaw.
  6158 | D:5      | Noticed a dagger
  6159 | D:5      | Noticed a hand axe
  6204 | D:5      | Reached *** piety under Okawaru
  6623 | D:6      | HP: 1/61 [worker ant (6)]
  6934 | D:6      | Reached XP level 9. HP: 64/67 MP: 11/11
  7269 | D:6      | Found a hazy altar of Hepliaklqana.
  7277 | D:6      | Reached skill level 8 in Long Blades
  7326 | D:6      | Found a staircase to the Ecumenical Temple.
  7522 | D:5      | Bought a smoking long sword for 238 gold pieces
  7522 | D:5      | Identified the cursed +0 long sword of Popular Demand {drain, rPois rF+ rC+ Stlth+} (You bought it in a shop on level 5 of the Dungeon)
  8189 | D:7      | Reached skill level 11 in Long Blades
  8189 | D:7      | Reached skill level 10 in Dodging
  8189 | D:7      | Reached XP level 10. HP: 56/73 MP: 13/13
  8319 | D:7      | Reached **** piety under Okawaru
  8898 | D:8      | Noticed a two-headed ogre
  8898 | D:8      | Noticed an ice statue
  8921 | D:8      | Killed a two-headed ogre
  8921 | D:8      | Reached ***** piety under Okawaru
  8921 | D:8      | Reached skill level 5 in Invocations
  9331 | D:8      | Noticed a black mamba
  9339 | D:8      | a black mamba changed into a polar bear
  9349 | D:8      | Gained mutation: You expend magic power (3 MP) to strengthen your wands. [mutagenic meat]
  9350 | D:8      | Gained mutation: Scrolls take you a little longer to read. [mutagenic meat]
  9351 | D:8      | Gained mutation: Your spells are a little harder to cast, but a little more powerful. [mutagenic meat]
  9407 | D:8      | Killed from afar by an ice statue

Vault maps used:
D:1:      dpeg_arrival_caged_fury, minmay_stone_trees_large
D:2:      lemuel_crystal_altar, gammafunk_temple_overflow_wave, trog_book,
          uniq_natasha
D:3:      nicolae_overflow_crystal_walls, okawaru_altar_gauntlet_db
D:4:      lightli_sewer_entry_pipes, uniq_edmund
D:5:      lemuel_crystal_altar, zin_angel, dancing_weapons_uskayaw,
          serial_shops, nicolae_shop_behind_doors, first_bread, enter_ossuary_2,
          grunt_ministairs_14, kennysheep_pointless_box
D:6:      marbit_many_paths, temple_statues
D:8:      lemuel_crystal_altar, hangedman_little_slice_of_home, nzn_random_ring
Sewer:    sewer_minmay_w
Ossuary:  ossuary_due_small_catacomb

Skill      XL: |  1  2  3  4  5  6  7  8  9 10 |
---------------+-------------------------------+-----
Throwing       | 2 |  2.1
Dodging        | 3 4 5 6 7 10 | 10.8
Long Blades    | 4 5 6 7 11 | 11.6
Shields        | 1 3 4 |  4.5
Invocations    | 3 4 5 |  5.2
Fighting       | |  2.1
Stealth        | |  0.9

Action                   |  1- 3 |  4- 6 |  7- 9 | 10-12 || total
-------------------------+-------+-------+-------+-------++-------
Melee: Long sword        |   120 |   202 |   453 |   189 ||   964
       Tailslap          |    21 |    42 |    75 |    35 ||   173
Throw: Throwing net      |       |     3 |       |       ||     3
 Abil: Breathe Frost     |       |       |     5 |     1 ||     6
  Use: Scroll            |       |     8 |    14 |       ||    22
       Potion            |       |     4 |     4 |       ||     8
 Stab: Sleeping          |       |     1 |     2 |     2 ||     5
       Held in net/web   |       |     1 |       |       ||     1
  Eat: Chunk             |       |     7 |     9 |     5 ||    21
       Bread ration      |       |     1 |     1 |       ||     2
       Royal jelly       |       |       |     1 |       ||     1
       Meat ration       |       |       |     1 |       ||     1
Armor: Skin              |    40 |    51 |   137 |    17 ||   245
Dodge: Dodged            |   117 |   179 |   456 |   129 ||   881
Block: Buckler           |       |     8 |   127 |    36 ||   171
       Rpst.: Long sword |    40 |    58 |   142 |    37 ||   277

Table legend:
 A = Spawn XP
 B = Non-spawn XP
 C = Spawn XP percentage of total XP
 D = Spawn monster count
 E = Non-spawn monster count
 F = Spawn count percentage of total count
 G = Total turns spent on level
                    A         B        C        D         E        F      G
               +---------+---------+-------+---------+---------+-------+---------
         Total |       0 |    6573 |   0.0 |       0 |     278 |   0.0 |  9407
               +---------+---------+-------+---------+---------+-------+---------
           D:1 |       0 |     118 |   0.0 |       0 |      53 |   0.0 |  1289
           D:2 |       0 |     198 |   0.0 |       0 |      33 |   0.0 |   949
           D:3 |       0 |     244 |   0.0 |       0 |      18 |   0.0 |  1048
           D:4 |       0 |     429 |   0.0 |       0 |      11 |   0.0 |   764
           D:5 |       0 |     578 |   0.0 |       0 |      20 |   0.0 |   955
           D:6 |       0 |     664 |   0.0 |       0 |      17 |   0.0 |  1088
           D:7 |       0 |    1758 |   0.0 |       0 |      38 |   0.0 |  1285
           D:8 |       0 |    1762 |   0.0 |       0 |      10 |   0.0 |   565
         Sewer |       0 |     365 |   0.0 |       0 |      48 |   0.0 |   879
       Ossuary |       0 |     457 |   0.0 |       0 |      30 |   0.0 |   585
               +---------+---------+-------+---------+---------+-------+---------
